 Dungeon Crawl Stone Soup version 0.27.1 (webtiles) character file.

Game seed: 7840339243350955432

609 ZARRMARR the Chiller (level 7, 0/48 HPs)
             Began as a Merfolk Ice Elementalist on Aug 28, 2021.
             Slain by Pikel (1 damage)
             ... on level 5 of the Dungeon.
             The game lasted 00:21:45 (4811 turns).

ZARRMARR the Chiller (Merfolk Ice Elementalist)     Turns: 4811, Time: 00:21:45

Health: 0/48       AC:  3    Str:  8    XL:     7   Next: 43%
Magic:  14/14      EV: 12    Int: 16    God:
Gold:   225        SH: 11    Dex: 15    Spells: 15/16 levels left

rFire    . . .     SeeInvis .   u - +0 trident
rCold    + . .     Faith    .   q - +1 tower shield {rC+}
rNeg     . . .     Spirit   .   a - +0 robe
rPois    .         Reflect  .   o - +0 helmet
rElec    .         Harm     .   (no cloak)
rCorr    .         Rampage  .   (no gloves)
Will     .....                  (no boots)
Stlth    ++........             (no amulet)
HPRegen  0.16/turn              g - +4 ring of slaying
MPRegen  0.14/turn              n - +4 ring of evasion

@: mighty
A: (nimble swimmer 2), mertail
a: no special abilities


You were on level 5 of the Dungeon.
You visited 1 branch of the dungeon, and saw 5 of its levels.
You also visited: Sewer.

You collected 225 gold pieces.

Inventory:

Hand Weapons
 b - a +2 dagger of venom
 m - a +2 dagger of protection
 u - a +0 trident (weapon)
Armour
 a - a +0 robe (worn)
 o - a +0 helmet (worn)
 q - a +1 tower shield of cold resistance (worn)
Jewellery
 g - a +4 ring of slaying (left hand)
 k - a ring of willpower
 n - a +4 ring of evasion (right hand)
Wands
 p - a wand of polymorph (9)
Scrolls
 c - a scroll of enchant armour {unknown}
 d - a scroll of identify
 t - a scroll of fear
 v - a scroll of enchant weapon
Potions
 f - a potion of flight
 h - a potion of cancellation
 i - 2 potions of magic
 l - 2 potions of curing
 r - a potion of haste
 s - a potion of lignification {unknown}


   Skills:
 + Level 1.4 Fighting
 + Level 2.1 Polearms
 + Level 3.9 Dodging
 - Level 2.1 Stealth
 + Level 1.1 Shields
 - Level 5.0 Spellcasting
 + Level 6.7 Ice Magic


You had 15 spell levels left.
You knew the following spells:

 Your Spells              Type           Power      Damage    Failure   Level
a - Freeze                Ice            100%       1d11      21%         1

Your spell library contained the following spells:

 Spells                   Type           Power      Damage    Failure   Level
 Frozen Ramparts          Ice            50%        1d7       52%         3
 Ozocubu's Armour         Ice            25%        N/A       52%         3
 Tukima's Dance           Hex            4%         N/A       100%        3
 Hailstorm                Conj/Ice       14%        3d5       100%        4
 Passage of Golubria      Tloc           N/A        N/A       100%        4
 Summon Ice Beast         Ice/Summ       14%        N/A       100%        4
 Summon Mana Viper        Hex/Summ       4%         N/A       100%        5
 Yara's Violent Unravell  Hex/Tmut       2%         3d3       100%        5
 Monstrous Menagerie      Summ           2%         N/A       100%        7


Dungeon Overview and Level Annotations

Branches:
Dungeon (5/15)              Sewer (visited)
 Temple: D:4-7

Altars:
Elyvilon
Makhleb
Okawaru
Uskayaw

Shops:
D:4 (

Annotations:
D:5 Pikel


Innate Abilities, Weirdness & Mutations

((You are quick and stealthy near water. (Stealth+, EV+, Speed+++)))
Your lower body shifts to a powerful aquatic tail in water.


Message History

Things that are here:
a +0 leather armour; a +0 trident A lemure comes into view.
Pikel hits you with a +0 whip of flaming!
Pikel burns you.
Casting: Freeze (safe; 21% risk of failure)
Confirm with . or Enter, or press ? or * to list all spells.
Aiming: Freeze (safe; 21% risk of failure)
Press: ? - help, Shift-Dir - straight line, f - Pikel
Aim: Pikel, wielding a +0 whip of flaming and wearing a +0 robe You freeze Pikel.
Pikel is lightly wounded.
The lemure shouts!
Pikel hits you with a +0 whip of flaming!
Pikel burns you.
You hit Pikel.
Pikel is lightly wounded.
Pikel hits you with a +0 whip of flaming!
Pikel burns you.
You miss Pikel.
Pikel is lightly wounded.
Pikel barely misses you. You block Pikel's attack.
Your shield prevents you from hitting Pikel.
Pikel is lightly wounded.
Pikel hits you with a +0 whip of flaming.
* * * LOW HITPOINT WARNING * * *
Pikel burns you.
* * * LOW HITPOINT WARNING * * *
Pikel closely misses you.
You feel very mighty all of a sudden.
Pikel hits you with a +0 whip of flaming.
* * * LOW HITPOINT WARNING * * *
Pikel burns you.
* * * LOW HITPOINT WARNING * * *
You closely miss Pikel.
Pikel is lightly wounded.
Pikel hits you with a +0 whip of flaming!
* * * LOW HITPOINT WARNING * * *
Pikel burns you.
You die...

.#.. .... ... ...#
...#..5# ...... #
#.... ###. .5.
..((.## #K# ..#
#..#.##@### #..#.#.
#(..(...#(##..##..#
##..........#.....##
#......[...........#.
#.......[............
##.....#............#
#.....#............#
#....................
#............<..####.


You could see Pikel and 2 lemures.

Vanquished Creatures
  Purgy (Sewer)
  A black bear (D:3)
  2 lemures
  A scorpion (D:3)
  A centaur zombie (D:4)
  2 orc priests
  2 iguanas (D:4)
  2 orc wizards
  A hound zombie (D:5)
  Robin (D:4)
  5 adders
  An adder skeleton (D:4)
  2 worms
  A dart slug (D:4)
  10 orcs
  4 ball pythons
  8 bats
  5 endoplasms
  4 giant cockroaches
  12 goblins
  9 hobgoblins
  2 jackals (D:2)
  11 quokkas
  A frilled lizard (D:1)
  4 kobolds
  3 rats (D:2)
96 creatures vanquished.

Notes
Turn   | Place    | Note
-------+----------+-------------------------------------------
     0 | D:1      | ZARRMARR the Merfolk Ice Elementalist began the quest for
                  | the Orb.
     0 | D:1      | Reached XP level 1. HP: 13/13 MP: 3/3
   341 | D:1      | Reached XP level 2. HP: 19/19 MP: 1/5
   683 | D:2      | Reached skill level 5 in Ice Magic
  1092 | D:2      | Reached XP level 3. HP: 24/24 MP: 0/6
  1250 | D:2      | Found a faded altar of an unknown god.
  1973 | D:3      | Reached XP level 4. HP: 30/30 MP: 8/8
  2087 | D:3      | Noticed a scorpion
  2092 | D:3      | Killed a scorpion
  2093 | D:3      | Reached XP level 5. HP: 34/35 MP: 4/10
  2195 | D:3      | Noticed a black bear
  2207 | D:3      | Killed a black bear
  2208 | D:3      | Reached skill level 6 in Ice Magic
  2476 | D:3      | Reached XP level 6. HP: 42/42 MP: 9/12
  2793 | D:3      | Found an iron altar of Okawaru.
  2793 | D:3      | Found a burning altar of Makhleb.
  2811 | D:3      | Found a hide-covered altar of Uskayaw.
  3038 | D:4      | Noticed Robin
  3070 | D:4      | Killed Robin
  3216 | D:4      | Found a glowing drain.
  3221 | Sewer    | Entered a sewer
  3331 | Sewer    | Noticed Purgy
  3352 | Sewer    | Killed Purgy
  3353 | Sewer    | Reached skill level 1 in Fighting
  3353 | Sewer    | Reached skill level 1 in Polearms
  3353 | Sewer    | Reached XP level 7. HP: 30/48 MP: 0/14
  3608 | D:4      | Found Myno Lol's Weapon Boutique.
  3668 | D:4      | Reached skill level 5 in Spellcasting
  4111 | D:4      | Found a white marble altar of Elyvilon.
  4222 | D:5      | Entered Level 5 of the Dungeon
  4290 | D:5      | Reached skill level 1 in Shields
  4403 | D:5      | HP: 1/48 [something/puff of flame (10)]
  4801 | D:5      | Noticed Pikel
  4811 | D:5      | HP: 1/48 [Pikel (7)]
  4811 | D:5      | Slain by Pikel

Illustrated notes

Levels and vault maps discovered:
D:1:      lordsloth_arrival_two_stooges, layout_loops_ring
D:2:      layout_loops_corners, chequers_ecumenical_altar_simple_redux
D:3:      layout_basic, eat_drink_and_be_merry_uskayaw,
          gammafunk_temple_overflow_wave, chequers_serial_rivers_room_a,
          amcnicky_mini_rare_corridor_liquid
D:4:      layout_loops_ring, mainiacjoe_overflow_alcove_1, gup_sewer_entry_pipe,
          serial_shops, shop_statue, uniq_robin
D:5:      layout_cave_pools, minmay_temple_entry_sparse_star,
          gammafunk_ghost_hive, uniq_pikel, uniq_grinder

Skill      XL: |  1  2  3  4  5  6  7 |
---------------+----------------------+-----
Ice Magic      | 5 6 |  6.7
Spellcasting   | 3 4 5 |  5.0
Dodging        | 3 |  3.9
Fighting       | 1 |  1.4
Polearms       | 1 2 |  2.1
Shields        | 1 |  1.1
Stealth        | |  2.1

Action                   |  1- 3 |  4- 6 |  7- 9 || total
-------------------------+-------+-------+-------++-------
Melee: Dagger            |    18 |     3 |       ||    21
       Unarmed           |     2 |       |       ||     2
       Spear             |       |    26 |    12 ||    38
       Trident           |       |       |    46 ||    46
Throw: Javelin           |       |    12 |    19 ||    31
       Throwing net      |       |       |     1 ||     1
 Cast: Freeze            |    36 |    64 |    16 ||   116
  Use: Potion            |     2 |     2 |     4 ||     8
       Scroll            |     4 |     1 |     3 ||     8
 Stab: Sleeping          |     7 |     4 |     2 ||    13
Armor: Robe              |     7 |    16 |    20 ||    43
Dodge: Dodged            |    24 |    56 |    53 ||   133
Block: Tower shield      |       |    21 |    63 ||    84
